 Dungeon Crawl Stone Soup version 0.30-a0-390-g80c34de65d (webtiles) character file.

Game seed: 5957346230584630902

44 spardeous the Ducker (level 3, 15/15 HPs)
             Began as a Felid Transmuter on Dec 4, 2022.
             Got out of the dungeon alive.
             The game lasted 00:04:36 (2305 turns).

spardeous the Ducker (Felid Transmuter)             Turns: 2305, Time: 00:04:36

Health: 15/15      AC:  1    Str:  6    XL:     3   Next: 41%
Magic:  7/7        EV: 19    Int: 14    God:
Gold:   233        SH:  0    Dex: 18    Spells: 2/6 levels left
                                        Lives:  0   Deaths: 1

rFire   . . .      SeeInvis +      - Unarmed
rCold   . . .      Faith    .    (shield unavailable)
rNeg    . . .      Spirit   .    (body armour unavailable)
rPois   .          Reflect  .    (helmet unavailable)
rElec   .          Harm     .    (cloak unavailable)
rCorr   .          Rampage  .    (gloves unavailable)
Will    .....                    (boots unavailable)
Stlth   ++........               (no amulet)
HPRegen 0.22/turn                (no ring)
MPRegen 0.10/turn                (no ring)

@: quick
A: very small, claws 1, fangs 3, see invisible, speed 1, shaggy fur 1, stealthy
paws, no weapons or thrown items, no armour, multi-lived
a: no special abilities


You escaped.
You visited 1 branch of the dungeon, and saw 3 of its levels.

You collected 233 gold pieces.

Inventory:

Scrolls
 b - 3 scrolls of identify {unknown}
 c - a scroll of silence {unknown}
 d - 3 scrolls of magic mapping {unknown}
 e - a scroll of teleportation {unknown}
Potions
 a - a potion of lignification
 f - a potion of heal wounds
 h - a potion of cancellation {unknown}


   Skills:
 - Level 1.0 Fighting
 - Level 4.4 Dodging
 - Level 4.0 Unarmed Combat
 - Level 2.0 Spellcasting
 + Level 3.1 Transmutations


You had 2 spell levels left.
You knew the following spells:

 Your Spells              Type           Power      Damage    Failure   Level
a - Beastly Appendage     Tmut           20%        N/A       7%          1
b - Spider Form           Tmut/Pois      5%         N/A       36%         3

Your spell library contained the following spells:

 Spells                   Type           Power      Damage    Failure   Level
 Wereblood                Tmut           10%        N/A       10%         2
 Ice Form                 Ice/Tmut       5%         N/A       77%         4


Dungeon Overview and Level Annotations

Branches:
Dungeon (3/15)

Altars:
Gozag
Okawaru

Shops:
D:2 :


Innate Abilities, Weirdness & Mutations

You have sharp claws.
You have razor-sharp teeth.
You have supernaturally acute eyesight. (SInv)
You cover ground quickly. (Speed+)
You are covered in fur. (AC +1)
Your paws help you pounce on unaware monsters.
You are incapable of wielding weapons or throwing items.
You cannot wear armour.
You gain extra lives every three experience levels.


Message History

* * * LOW HITPOINT WARNING * * *
The quokka closely misses you.
You are too injured to fight recklessly!
You are too injured to fight recklessly!
You are too injured to fight recklessly!
You are too injured to fight recklessly!
You are too injured to fight recklessly!
You scratch the centaur but do no damage.
The centaur unwields a +0 shortbow.
The centaur barely misses you. The centaur misses you.
The quokka barely misses you.
You barely miss the centaur. You bite the centaur, but do no damage.
The centaur barely misses you. x2; The quokka bites you.
You die...
Your shape twists and changes as you die.
You are now level 3!
Your horns disappear.
You rejoin the land of the living...
(D) Dungeon
Where to? (Enter - D:2 @ (x,y), ? - help)
There is an open door here.
There is a stone staircase leading up here.
You climb upwards.
There is a stone staircase leading down here.
(D) Dungeon
Where to? (Enter - D:2, ? - help)
You see here a +0 leather armour.
You see here a +0 sling.
There is an open door here.
You see here a +0 club.
There is a stone staircase leading up here.
You climb upwards.
There is a stone staircase leading down here.
(D) Dungeon
Where to? (Enter - D:1, ? - help)
Okay, then.
There is a staircase leading out of the dungeon here.
Are you sure you want to leave the Dungeon?
This will make you lose the game!
Alright, then stay!
Are you sure you want to leave the Dungeon?
This will make you lose the game!
You have escaped!

.#.# ###...##
#######†######### ...#
#......# #####.# #...... .###
#.#....#####.....###.#####
.#######.##.##...#####......#
#
.#.......##.##.....###..#####
# .#.#####.##.##........### #
.#.#####...##.........# #
##.##......##....♣....# #
#.##)##.###....@....## #
#........##.........###
#..^.##.###........##.#
#.#####....###.....##.#
##.#####.##.#####...##.#
.......#.##....#####...#
.#..##.#.......# #.###
.##.##.#.......# #.#
....##.##.....## #.#


There were no monsters in sight!

Vanquished Creatures
  3 adders (D:3)
  A gnoll (D:2)
  A worm (D:2)
  A dart slug (D:1)
  5 ball pythons
  3 endoplasms
  3 giant cockroaches (D:1)
  4 goblins
  7 hobgoblins
  6 jackals
  A quokka (D:1)
  3 bats
  4 frilled lizards
  4 kobolds
  5 rats
51 creatures vanquished.

Notes
Turn   | Place    | Note
-------+----------+-------------------------------------------
     0 | D:1      | spardeous the Felid Transmuter began the quest for the Orb.
     0 | D:1      | Reached XP level 1. HP: 9/9 MP: 4/4
   212 | D:1      | Reached XP level 2. HP: 12/12 MP: 4/6
   897 | D:2      | Reached XP level 3. HP: 15/15 MP: 4/7
   907 | D:2      | Learned a level 3 spell: Spider Form
  1270 | D:2      | Found Nicwati's Book Shoppe.
  1489 | D:3      | Found an opulent altar of Gozag.
  1734 | D:3      | Reached XP level 4. HP: 19/19 MP: 6/8
  1871 | D:3      | Found an iron altar of Okawaru.
  2215 | D:3      | Noticed a centaur
  2222 | D:3      | Slain by a quokka
  2223 | D:3      | Reached XP level 3. HP: 0/15 MP: 7/7
  2305 | D:$      | Got out of the dungeon alive.

Illustrated notes

Levels and vault maps discovered:
D:1:      spicycebolla_green_bress_n_ham, layout_loops_cross
D:2:      layout_basic, serial_shops, nicolae_shop_hallway_stairs
D:3:      layout_basic, okawaru_trees_2, mainiacjoe_overflow_catwalk,
          minmay_shallow_snake_nest

Skill      XL: |  1  2  3  4 |
---------------+-------------+-----
Dodging        | 3 4 |  4.4
Unarmed Combat | 4 |  4.0
Transmutations | 3 |  3.1
Fighting       | |  1.0
Spellcasting   | |  2.0

Action                   |  1- 3 |  4- 6 || total
-------------------------+-------+-------++-------
Melee: Unarmed           |    96 |    25 ||   121
       Bite              |     7 |     3 ||    10
       Headbutt          |    13 |     2 ||    15
       Punch             |     2 |     1 ||     3
 Cast: Beastly Appendage |    38 |     7 ||    45
  Use: Potion            |     1 |     2 ||     3
 Stab: Sleeping          |     4 |       ||     4
Armor: Skin              |    11 |     1 ||    12
Dodge: Dodged            |    95 |    33 ||   128

Table legend: (Time is in decaauts)
 A = Elapsed time spent in this place.
 B = Non-inter-level travel time spent in this place.
 C = Inter-level travel time spent in this place.
 D = Time resting spent in this place.
 E = Time spent auto-exploring this place.
 F = Levels seen in this place.
 G = Mean time per level.
                   A        B        C        D        E       F      G
               +--------+--------+--------+--------+--------+-----+--------+
         Total |   1987 |   1778 |    209 |    156 |   1188 |   3 |  662.3 |
       Dungeon |   1987 |   1778 |    209 |    156 |   1188 |   3 |  662.3 |
               +--------+--------+--------+--------+--------+-----+--------+

Top non-repeatable levels by time:
     D:1: 830 daAuts
     D:2: 651 daAuts
     D:3: 505 daAuts
